Map: [ESL] Data-C

Players

RagnaroK (SHIN)

  • Race: Zerg Zerg
  • Spawn Location: 3:00

Zoun - Winner!

  • Race: Protoss Protoss
  • Spawn Location: 9:00

Event: TSL 9

VOD

Have the link to the VOD?

Description

Time

  • Played on: July 29, 2022, 6:59 a.m.
  • Length: 7:51

All games in this series

Show
View Real Time Build Order
Export as new Build Order

RagnaroK Zerg 

Build Orders: 3 Hatch before Pool 

Get SALT Encoding   

  12  0:00  Drone  
  13  0:12  Overlord  
  13  0:16  Drone  
  14  0:30  Drone  
  14  0:31  Drone  
  16  0:37  Drone  
  17  0:54  Hatchery  
  16  0:57  Drone  
  17  1:19  Hatchery  
  17  1:22  Drone  
  17  1:26  Drone  
  17  1:28  Extractor  
  17  1:31  Drone  
  18  1:45  Spawning Pool  
  17  1:48  Drone  
  17  1:51  Drone  
  19  2:03  Drone  
  19  2:08  Drone  
  21  2:09  Overlord  
  22  2:26  Hatchery  
  21  2:31  Queen  
  21  2:32  Zergling x4  
  21  2:35  Queen  
  27  2:38  Zergling x2  
  28  2:49  Metabolic Boost  
  28  2:51  Zergling x2  
  28  2:52  Drone  
  28  2:55  Drone  
  28  2:58  Drone  
  32  3:05  Drone  
  33  3:10  Zergling x2  
  33  3:11  Zergling x2  
  33  3:13  Spore Crawler  
  33  3:14  Drone  
  34  3:21  Queen  
  34  3:24  Overlord  
  36  3:31  Overlord  
  36  3:39  Drone x3  
  39  3:43  Drone  
  39  3:48  Drone x2  
  42  3:49  Drone  
  42  3:51  Drone  
  42  3:55  Drone  
  45  3:58  Drone x2  
  45  4:00  Drone  
  48  4:05  Spore Crawler  
  48  4:09  Spore Crawler  
  46  4:10  Spore Crawler  
  46  4:12  Drone  
  46  4:13  Drone  
  46  4:15  Drone  
  48  4:18  Drone  
  48  4:22  Drone x2  
  49  4:24  Drone  
  49  4:27  Drone  
  48  4:32  Drone  
  48  4:33  Drone  
  48  4:35  Drone  
  48  4:37  Drone  
  51  4:39  Drone  
  51  4:41  Drone  
  51  4:42  Drone  
  51  4:44  Drone  
  51  4:45  Drone  
  55  4:46  Drone  
  55  4:51  Queen  
  58  4:54  Overlord  
  58  4:57  Overlord  
  58  5:02  Overlord  
  58  5:04  Overlord  
  56  5:08  Overlord  
  56  5:13  Drone x3  
  58  5:16  Drone x4  
  58  5:20  Zergling x6  
  58  5:21  Drone x3  
  68  5:24  Lair  
  68  5:28  Queen  
  68  5:31  Drone x2  
  68  5:32  Drone  
  73  5:37  Drone x3, Evolution Chamber  
  73  5:41  Drone x2  
  77  5:42  Queen  
  77  5:44  Drone  
  77  5:49  Extractor  
  79  5:50  Drone x3, Extractor  
  79  5:52  Extractor  
  79  5:53  Zergling x2  
  79  5:54  Zergling x2, Overlord  
  79  5:55  Overlord  
  82  5:58  Extractor x2  
  82  5:59  Overlord  
  82  6:00  Drone x2  
  82  6:09  Baneling Nest  
  80  6:11  Hatchery  
  80  6:17  Drone x2  
  81  6:19  Drone x2  
  81  6:20  Drone  
  81  6:21  Zergling x8  
  88  6:29  Drone  
  88  6:31  Zergling x8, Spire  
  92  6:35  Zergling x2  
  92  6:36  Zergling x6  
  96  6:43  Overlord  
  96  6:44  Zergling x6  
  98  6:50  Zergling x2  
  98  6:52  Overlord  
  98  6:53  Zergling x2  
  100  6:56  Baneling x8  
  100  6:57  Zergling x2  
  101  7:02  Zergling x4  
  101  7:03  Zergling x2  
  101  7:08  Zergling x4  
  103  7:12  Zergling x14  
  99  7:20  Zergling x4  
  91  7:24  Zergling x2  
  91  7:25  Zergling x2  
  89  7:30  Zergling x10  
Show
View Real Time Build Order
Export as new Build Order

Zoun Protoss - Winner!

Build Orders: Oracle Opening, Zealot Archon 

Get SALT Encoding   

  12  0:00  Probe  
  13  0:12  Probe  
  14  0:19  Pylon  
  14  0:24  Probe  
  15  0:37  Probe (Chrono Boost)  
  15  0:41  Gateway  
  16  0:47  Probe (Chrono Boost)  
  17  0:51  Assimilator  
  17  0:52  Probe (Chrono Boost)  
  18  1:04  Probe  
  19  1:16  Probe  
  20  1:27  Zealot (Chrono Boost)  
  20  1:29  Pylon  
  20  1:30  Cybernetics Core  
  20  1:32  Probe  
  24  1:47  Probe  
  24  1:59  Probe  
  25  2:03  Adept (Chrono Boost)  
  27  2:12  Probe  
  27  2:15  Assimilator  
  28  2:23  Nexus  
  28  2:26  Probe  
  28  2:29  Adept  
  31  2:36  Pylon  
  31  2:46  Stargate  
  31  2:54  Probe  
  32  3:06  Probe  
  33  3:18  Probe  
  34  3:21  Warp Gate  
  34  3:23  Gateway  
  34  3:27  Oracle (Chrono Boost)  
  34  3:31  Probe  
  38  3:36  Probe  
  39  3:43  Probe  
  40  3:49  Probe  
  40  3:55  Probe  
  42  4:00  Void Ray (Chrono Boost)  
  42  4:01  Probe  
  47  4:07  Probe  
  48  4:10  Pylon  
  48  4:13  Probe  
  49  4:21  Probe  
  50  4:28  Nexus, Probe  
  51  4:35  Probe, Pylon  
  52  4:41  Probe  
  52  4:42  Assimilator  
  52  4:45  Robotics Facility  
  52  4:46  Assimilator  
  52  4:50  Twilight Council  
  52  4:55  Probe  
  52  4:58  Nexus, Probe  
  54  5:05  Shield Battery  
  54  5:07  Probe  
  54  5:10  Probe  
  54  5:12  Pylon  
  54  5:14  Gateway  
  54  5:15  Gateway  
  54  5:19  Probe  
  55  5:22  Probe  
  55  5:24  Charge (Chrono Boost)  
  55  5:28  Templar Archives  
  56  5:31  Probe  
  56  5:35  Probe  
  58  5:40  Warp Prism (Chrono Boost)  
  58  5:44  Probe  
  58  5:47  Probe  
  62  5:52  Gateway  
  62  5:53  Gateway  
  62  5:56  Probe  
  63  5:58  Forge  
  63  5:59  Probe  
  64  6:05  High Templar x2  
  64  6:08  Probe  
  64  6:10  Archon, High Templar  
  64  6:11  Probe  
  72  6:13  Probe (Chrono Boost)  
  72  6:14  High Templar  
  75  6:20  Probe (Chrono Boost)  
  75  6:23  Probe (Chrono Boost)  
  75  6:25  Probe (Chrono Boost)  
  78  6:27  Observer  
  78  6:31  Pylon  
  78  6:32  Probe (Chrono Boost)  
  81  6:33  Probe (Chrono Boost)  
  81  6:34  Probe (Chrono Boost)  
  81  6:36  Probe (Chrono Boost)  
  81  6:38  Archon, Probe (Chrono Boost)  
  81  6:39  Probe  
  83  6:43  Assimilator x2  
  83  6:46  Probe  
  86  6:47  Pylon  
  86  6:48  Immortal  
  86  6:49  Probe  
  86  6:53  Zealot x4  
  99  6:54  Zealot  
  99  6:58  Pylon  
  101  7:08  Probe  
  102  7:11  Probe  
  99  7:16  Zealot x6  
  99  7:19  Probe  
  106  7:25  Probe  
  106  7:29  Probe  
Tags
 
Add a new tag
Caveats
  • Supply blocks, unpowered buildings, or Contaminate may cause inaccurate times.
  • Supply counts are checked every 10 seconds.